 Dungeon Crawl Stone Soup version 0.13.1-2-gfb2c2b7 (webtiles) character file.

128 Lilouch the Firebug (level 3, -1/26 HPs)
             Began as a Hill Orc Fire Elementalist on Dec 3, 2013.
             Slain by an adder (3 damage)
             ... on Level 2 of the Dungeon.
             The game lasted 00:06:09 (1090 turns).

Lilouch the Firebug (Hill Orc Fire Elementalist)    Turns: 1090, Time: 00:06:10

HP  -1/26        AC  2     Str 10      XL: 3   Next: 95%
MP   0/6         EV 12     Int 16      God:
Gold 72          SH  0     Dex 11      Spells:  1 memorised,  4 levels left

Res.Fire  : . . .   See Invis. : .   m - +0 dwarf hand axe
Res.Cold  : . . .   Warding    : .   a - +0 orc robe
Life Prot.: . . .   Conserve   : .   (no shield)
Res.Poison: .       Res.Corr.  : .   (no helmet)
Res.Elec. : .       Clarity    : .   (no cloak)
Sust.Abil.: + .     Spirit.Shd : .   (no gloves)
Res.Mut.  : .       Stasis     : .   (no boots)
Res.Rott. : .       Flight     : .   (no amulet)
Saprovore : + . .                    (no ring)
                                     i - ring of sustain abilities {unknown}

@: not resistant to hostile enchantments, unstealthy
A: saprovore 1
a: no special abilities


You were on level 2 of the Dungeon.
You were not hungry.

You visited 1 branch of the dungeon, and saw 2 of its levels.

You collected 52 gold pieces.

Inventory:

Hand weapons
 m - a +0,+0 dwarven hand axe (weapon)
 p - a +0,+0 dagger
 r - a +0,+0 sling
Missiles
 h - a throwing net (quivered)
 l - 4 silver darts
 n - 65 stones
 s - 49 sling bullets
Armour
 a - a +0 orcish robe (worn)
Comestibles
 c - a meat ration
 t - an apple
 x - 2 chunks of goblin flesh
Scrolls
 e - 2 scrolls of teleportation {unknown}
 g - a scroll of amnesia {unknown}
 k - a scroll of enchant weapon I {unknown}
 o - a scroll of remove curse {unknown}
 q - a scroll of curse armour {unknown}
 v - a scroll of curse weapon {unknown}
 w - a scroll of blinking {unknown}
Jewellery
 i - a ring of sustain abilities (left hand) {unknown}
Potions
 d - a potion of resistance {unknown}
 f - a potion of heal wounds {unknown}
 j - a potion of restore abilities {unknown}
 u - a potion of speed
 z - a potion of slowing {unknown}
Books
 b - a book of Flames

   Spells                             Type                      Level
   *Flame Tongue                      Conjuration/Fire             1
   Throw Flame                        Conjuration/Fire             2
   Conjure Flame                      Conjuration/Fire             3
   Inner Flame                        Hexes/Fire                   3
   Sticky Flame                       Conjuration/Fire             4
   Fireball                           Conjuration/Fire             5


   Skills:
 - Level 1.5 Dodging
 - Level 1.5 Stealth
 + Level 1.7 Spellcasting
 + Level 2.0 Conjurations
 * Level 4.1 Fire Magic


You had 4 spell levels left.
You knew the following spells:

 Your Spells              Type           Power        Failure   Level  Hunger
a - Flame Tongue          Conj/Fire      ##...        8%          1    ##.....


Dungeon Overview and Level Annotations

Branches:
Dungeon (2/27)

Altars:


Innate Abilities, Weirdness & Mutations

You can tolerate rotten meat.


Message History

The adder misses you.
Your magical contamination has completely faded away.
You closely miss the adder.
The adder is heavily wounded.
* * * LOW HITPOINT WARNING * * *
You feel sick.
You feel better. The adder bites you but does no damage.
The adder barely misses you.
Casting: Flame Tongue
Confirm with . or Enter, or press ? or * to list all spells.
Aiming: Flame Tongue
Press: ? - help, Shift-Dir - straight line, f - adder
Aim: an adder (heavily wounded)
The flame hits the adder.
The adder is almost dead.
The adder closely misses you. The adder closely misses you.
Found 7 arrows and a scroll labeled PUETRO VUTE.
The adder bites you.
You die...

#....####.#..(#.....#
#......#
##(#...###..>#####
#....###
#...####....##...#
#....#
#.%.#>......##...#
###..#
#...#.......##...##
#..#
#...#..............
#..#
#...#.............#
..#
#.S.#....#...#.....
##@##)...##.###.(.#
#.##.... ### #..(.
#.# .#.. #.... #.. #.
###.. ..( .# .... ..
...# #?..# ...


You could see an adder.

Vanquished Creatures
  An adder (D:2)
  2 worms (D:2)
  A ball python (D:2)
  5 bats
  A giant cockroach (D:1)
  6 goblins
  5 hobgoblins
  4 jackals (D:1)
  4 kobolds
  A giant gecko (D:1)
  A giant newt (D:1)
31 creatures vanquished.

Notes
Turn   | Place    | Note
--------------------------------------------------------------
     0 | D:1      | Lilouch, the Hill Orc Fire Elementalist, began the quest for the Orb.
     0 | D:1      | Reached XP level 1. HP: 14/14 MP: 3/3
   149 | D:1      | Reached XP level 2. HP: 12/20 MP: 1/4
   765 | D:2      | Reached XP level 3. HP: 26/26 MP: 3/6
   862 | D:2      | Reached skill level 4 in Fire Magic
  1085 | D:2      | HP: 1/26 [poisoned by an adder]
  1090 | D:2      | Slain by an adder

Action                   || total
-------------------------++-------
Melee: Unarmed           ||    18
       Hand axe          ||    20
 Fire: Sling             ||    22
Throw: Dart              ||    12
 Cast: Flame Tongue      ||    44
